 Dungeon Crawl Stone Soup version 0.13-a0-2001-g039544c (webtiles) character file.

8166 Kae the Cleaver (level 10, 0/88 HPs)
             Began as a Lava Orc Berserker on June 25, 2013.
             Was a High Priest of Trog.
             Slain by an orc wizard
             ... wielding a +2,+3 orcish dagger
              (4 damage)
             ... while paralysed by a potion of paralysis
             ... on Level 9 of the Dungeon.
             The game lasted 00:16:58 (10057 turns).

Kae the Cleaver (Lava Orc Berserker)               Turns: 10057, Time: 00:16:58

HP   0/88        AC 12     Str 28      XL: 10   Next: 97%
MP   9/9         EV  4     Int  7      God: Trog [*****.]
Gold 575         SH  0     Dex 16      Spells:  0 memorised,  9 levels left

Res.Fire  : + + +   See Invis. : .   u - +1,-2 war axe
Res.Cold  : . . .   Warding    : .   o - +1 ring mail {rF+}
Life Prot.: . . .   Conserve   : .   (no shield)
Res.Poison: .       Res.Corr.  : .   L - +0 helmet
Res.Elec. : .       Clarity    : .   (no cloak)
Sust.Abil.: . .     Spirit.Shd : .   n - +0 pair of gauntlets
Res.Mut.  : .       Stasis     : .   i - +0 pair of boots
Res.Rott. : .       Flight     : .   (no amulet)
Saprovore : + . .                    (no ring)
                                     H - ring of protection from cold

@: paralysed, confused, mighty, agile, quick, somewhat resistant to hostile
enchantments, unstealthy
A: conserve scrolls, fire resistance 1, saprovore 1, EV +2, Str -1, Dex +1
a: Burn Spellbooks, Berserk, Trog's Hand, Brothers in Arms, Renounce Religion


You were on level 9 of the Dungeon.
You worshipped Trog.
Trog was extremely pleased with you.
You were hungry.

You visited 2 branches of the dungeon, and saw 10 of its levels.

You collected 555 gold pieces.

Inventory:

Hand weapons
 a - a cursed +0,+0 orcish hand axe {=f}
 u - a +1,-2 war axe (weapon)
Armour
 b - a +0 animal skin
 i - a +0 pair of boots (worn)
 n - a +0 pair of gauntlets (worn)
 o - a +1 ring mail of fire resistance (worn)
 L - a +0 helmet (worn)
Magical devices
 d - a wand of digging (19) {unknown}
 B - a wand of confusion (7) {unknown}
Comestibles
 c - a meat ration
 k - 3 chokos
 w - an apple
 D - 2 pears
 F - 7 bread rations
 M - 4 chunks of orc flesh
Scrolls
 e - a scroll of fear {unknown}
 f - 2 scrolls of amnesia
 g - 8 scrolls of remove curse
 h - a scroll of recharging {unknown}
 j - 14 scrolls of identify
 l - 2 scrolls of teleportation
 m - a scroll of noise
 t - 3 scrolls of blinking
 y - a scroll of random uselessness
 z - a scroll of immolation {unknown}
 G - a scroll of magic mapping
 I - a scroll of curse weapon {unknown}
 K - 2 scrolls of enchant armour
Jewellery
 H - a ring of protection from cold (left hand)
 J - an uncursed ring of protection from fire {unknown}
Potions
 p - a potion of agility
 q - 2 potions of poison
 s - 2 potions of restore abilities
 v - a potion of resistance {unknown}
 x - a potion of heal wounds {unknown}
 C - a potion of mutation
 E - 2 potions of flight


   Skills:
 + Level 9.7 Fighting
 * Level 12.9 Axes
 + Level 8.7 Armour
 + Level 6.2 Dodging


You had 9 spell levels left.
You didn't know any spells.

Dungeon Overview and Level Annotations

Branches:
Dungeon (9/27)             Temple (1/1) D:5            Lair (0/8) D:8
    Orc: D:6-11

Altars:
Ashenzari
Cheibriados
Elyvilon
Fedhas
Kikubaaqudgha
Makhleb
Nemelex Xobeh
Okawaru
Sif Muna
Trog
Vehumet
Xom
Yredelemnul
Zin
the Shining One
Lugonu


Innate Abilities, Weirdness & Mutations

You have stony skin.
You cover ground quickly.
Your flesh is almost immune to the effects of heat.
Your fire spells are more powerful.
Your flesh is vulnerable to cold.
Your heat harms attackers.
You bathe your surroundings in blazing heat.
You are too hot to use scrolls.
You are very good at protecting items from fire.
You can tolerate rotten meat.
You are surrounded by a mild repulsion field (EV +2).
Your flesh is heat resistant.
Your muscles are flexible, but weak (Str -1, Dex +1).


Message History

You begin to radiate repulsive energy.
You feel a sudden chill.
Your muscles feel loose.
It was a potion of mutation.
Drink which item? (? for menu, Esc to quit)
You feel very mighty all of a sudden.
It was a potion of might.
You hear some strange, mumbled words.
The magic dart hits you!
* * * LOW HITPOINT WARNING * * *
The magic dart hits you!
* * * LOW HITPOINT WARNING * * *
Wield which item (- for none, * to show all)? (? for menu, Esc to quit)
Okay, then.
Drink which item? (? for menu, Esc to quit)
You can't drink that!
Drink which item? (? for menu, Esc to quit)
You suddenly lose the ability to move!
It was a potion of paralysis.
It hits you but does no damage. It hits you.
You die...

#...≈≈≈≈>.......≈.....≈≈.......
#...≈≈≈≈..............≈≈.)).###
###...).........................#
..#.≈.≈.....≈....................
..#.≈⌠..........≈≈≈............≈.
..#.≈.≈.........≈≈≈...........≈≈≈
..#..............≈≈.............≈
..#..............≈≈.............[
..##.....#....B.@≈......).##....#
...............................>.
...#####.###............#.#..#..#
...# ###.##.#....)).......#.....#
...###............)......##......
##...#......###.####............#
............###.# #.....#.##.#.#
...).........##.####.....#.##.#..
....#.#^#.#..##..[..._...#.##.#..


You could see a goliath beetle.

Vanquished Creatures
  The ghost of Kae the Cleaver, an experienced LOBe of Trog (D:8)
  A hill giant (D:6)
  The ghost of Kae the Cleaver, an experienced LOBe of Trog (D:7)
  A hill giant skeleton (D:8)
  2 trolls (D:9)
  A wyvern (D:8)
  A hungry ghost (D:9)
  A soldier ant (D:8)
  A giant goldfish (D:9)
  2 ice beasts
  2 orc warriors (D:7)
  A troll zombie (D:9)
  4 sky beasts
  6 centaurs
  2 phantoms (D:9)
  6 ogres
  A boring beetle (D:8)
  8 giant frogs
  2 water moccasins
  A crocodile (D:9)
  4 wights (D:9)
  A jellyfish (D:9)
  An electric eel (D:9)
  A goliath beetle (D:7)
  3 crimson imps
  A sky beast zombie (D:9)
  A hound zombie (D:5)
  An ogre skeleton (D:5)
  8 orc priests
  2 gnoll shamans (D:9)
  4 hounds
  8 orc wizards
  3 scorpions
  7 worker ants
  A worm zombie (D:5)
  Jessica (D:2)
  5 jellies
  A mummy (D:9)
  13 adders
  11 gnolls
  A giant centipede (D:7)
  An inept feature mimic (D:6)
  An adder zombie (D:5)
  3 adder skeletons
  2 giant mites
  3 worms
  4 giant eyeballs
  3 giant geckos
  2 oozes
  44 orcs
  2 ball pythons
  6 giant cockroaches
  12 hobgoblins
  14 jackals
  17 kobolds
  2 quokkas
  21 bats
  A giant newt (D:1)
  A giant newt zombie (D:5)
  13 goblins
  3 hobgoblin skeletons
  A hobgoblin zombie (D:8)
  19 rats
  A ballistomycete (D:8)
299 creatures vanquished.

Vanquished Creatures (others)
  A scorpion (D:7)
  An adder (D:3)
  A hobgoblin (D:3)
  2 giant spores
  A goblin (D:3)
6 creatures vanquished.

Grand Total: 305 creatures vanquished

Notes
Turn   | Place    | Note
--------------------------------------------------------------
     0 | D:1      | Kae, the Lava Orc Berserker, began the quest for the Orb.
     0 | D:1      | Reached XP level 1. HP: 19/19 MP: 0/0
   180 | D:1      | Reached skill level 4 in Axes
   183 | D:1      | Reached XP level 2. HP: 23/26 MP: 1/1
   870 | D:1      | Acquired Trog's second power
  1031 | D:2      | Reached XP level 3. HP: 33/33 MP: 2/2
  1226 | D:2      | Found a bloodstained altar of Trog.
  1227 | D:2      | Found a sparkling altar of Nemelex Xobeh.
  1347 | D:2      | Noticed Jessica
  1357 | D:2      | Reached XP level 4. HP: 26/40 MP: 3/3
  1364 | D:2      | Killed Jessica
  1364 | D:2      | Reached skill level 5 in Axes
  1525 | D:2      | Found a sparkling altar of Nemelex Xobeh.
  1727 | D:3      | Reached XP level 5. HP: 23/46 MP: 4/4
  2051 | D:3      | Found a white marble altar of Elyvilon.
  2118 | D:3      | Found a shattered altar of Ashenzari.
  2193 | D:3      | Found a white marble altar of Elyvilon.
  2216 | D:3      | Reached XP level 6. HP: 47/53 MP: 5/5
  2218 | D:3      | Acquired Trog's third power
  2373 | D:3      | Reached skill level 6 in Axes
  2411 | D:3      | Noticed an ice beast
  2422 | D:3      | HP: 1/53 [ice beast (20)]
  2444 | D:3      | Killed an ice beast
  2444 | D:3      | Reached skill level 5 in Fighting
  3093 | D:4      | Reached XP level 7. HP: 47/60 MP: 6/6
  3523 | D:5      | Entered Level 5 of the Dungeon
  3528 | D:5      | Reached skill level 7 in Axes
  3565 | D:5      | Found a staircase to the Ecumenical Temple.
  3897 | D:5      | HP: 2/61 [orc priest/divine providence (13)]
  4318 | D:5      | Reached XP level 8. HP: 35/69 MP: 7/7
  4499 | D:5      | Found a glowing golden altar of the Shining One.
  4537 | D:5      | Reached skill level 5 in Armour
  4678 | D:5      | Reached skill level 8 in Axes
  4711 | D:5      | Found an iron altar of Okawaru.
  4711 | D:5      | Found an ancient bone altar of Kikubaaqudgha.
  4721 | D:5      | Found a snail-covered altar of Cheibriados.
  4875 | Temple   | Entered the Ecumenical Temple
  5023 | D:6      | Noticed a hill giant
  5035 | D:6      | HP: 1/69 [hill giant/giant spiked club (13)]
  5074 | D:6      | Killed a hill giant
  5294 | D:6      | Reached skill level 9 in Axes
  5643 | D:6      | Reached XP level 9. HP: 58/75 MP: 8/8
  6356 | D:7      | Noticed Kae's ghost (experienced LOBe)
  6370 | D:7      | Killed Kae's ghost
  6370 | D:7      | Reached skill level 10 in Axes
  7649 | D:8      | Reached XP level 10. HP: 69/85 MP: 9/9
  7696 | D:8      | Reached skill level 11 in Axes
  7696 | D:8      | Reached skill level 5 in Dodging
  7998 | D:8      | Noticed Kae's ghost (experienced LOBe)
  8179 | D:8      | Received a gift from Trog
  8199 | D:8      | Killed Kae's ghost
  8548 | D:8      | Found a staircase to the Lair.
  9281 | D:9      | Reached skill level 12 in Axes
  9346 | D:9      | Found a blossoming altar of Fedhas.
  9454 | D:9      | HP: 2/86 [troll (8)]
  9633 | D:9      | Paralysed by a giant eyeball for 4 turns
  9643 | D:9      | Paralysed by a giant eyeball for 2 turns
 10049 | D:9      | HP: 2/88 [troll (5)]
 10052 | D:9      | Gained mutation: You are surrounded by a mild repulsion field (EV +2). [potion of mutation]
 10052 | D:9      | Gained mutation: Your flesh is heat resistant. [potion of mutation]
 10052 | D:9      | Gained mutation: Your muscles are flexible, but weak (Str -1, Dex +1). [potion of mutation]
 10054 | D:9      | HP: 3/88 [it/magic dart]
 10055 | D:9      | Paralysed by a potion of paralysis for 5 turns
 10057 | D:9      | Slain by an orc wizard

Action                   |  1- 3 |  4- 6 |  7- 9 | 10-12 || total
-------------------------+-------+-------+-------+-------++-------
Melee: Hand axe          |   133 |   200 |       |       ||   333
       War axe           |       |    46 |   385 |   335 ||   766
Invok: Trog's Hand       |     1 |     5 |    12 |     5 ||    23
       Berserk           |       |       |     4 |     4 ||     8
       Burn Spellbooks   |       |       |     2 |       ||     2
  Use: Potion            |       |       |     2 |     5 ||     7
       Scroll            |       |       |    17 |       ||    17
